 Dungeon Crawl Stone Soup version 0.30-a0-223-gcb0039aa0c (webtiles) character file.

Game seed: 1947092173617469247

31 greasedhog the Vexing (level 3, -3/21 HPs)
             Began as a Gargoyle Hexslinger on Oct 9, 2022.
             Slain by an iron imp (9 damage)
             ... summoned by Natasha
             ... on level 2 of the Dungeon.
             The game lasted 00:01:35 (1189 turns).

greasedhog the Vexing (Gargoyle Hexslinger)         Turns: 1189, Time: 00:01:36

Health: -3/21      AC:  5    Str: 13    XL:     3   Next: 22%
Magic:  4/4        EV: 12    Int: 13    God:
Gold:   89         SH:  0    Dex: 12    Spells: 3/4 levels left

rFire   . . .      SeeInvis .    a - +1 sling
rCold   . . .      Faith    .    (no shield)
rNeg    + . .      Spirit   .    c - +0 robe
rPois   ∞          Reflect  .    (no helmet)
rElec   +          Harm     .    (no cloak)
rCorr   .          Rampage  .    (no gloves)
Will    .....                    (no boots)
Stlth   ++........               (no amulet)
HPRegen 0.23/turn                (no ring)
MPRegen 0.09/turn                (no ring)

@: slowed, very slow
A: sickness immunity, AC +3, negative energy resistance 1, electricity
resistance, torment resistance 1, petrification resistance
a: no special abilities


You were on level 2 of the Dungeon.
You visited 1 branch of the dungeon, and saw 2 of its levels.

You collected 89 gold pieces.

Inventory:

Hand Weapons
 a - a +1 sling (weapon)
Armour
 c - a +0 robe (worn)
Scrolls
 e - a scroll of teleportation {unknown}
 g - 3 scrolls of identify {unknown}
 j - a scroll of brand weapon {unknown}
Potions
 d - a potion of magic {unknown}
 f - a potion of mutation {unknown}
 h - 3 potions of haste {unknown}
 i - a potion of degeneration {unknown}


   Skills:
 * Level 2.1 Fighting
 * Level 2.5 Ranged Weapons
 - Level 1.5 Dodging
 * Level 1.7 Stealth
 - Level 1.0 Spellcasting
 - Level 2.6 Hexes


You had 3 spell levels left.
You knew the following spells:

 Your Spells              Type           Power      Damage    Failure   Level
a - Slow                  Hex            28%        N/A       10%         1

Your spell library contained the following spells:

 Spells                   Type           Power      Damage    Failure   Level
 Apportation              Tloc           0%         N/A       28%         1
 Necrotise                Necr           0%         1d4       28%         1
 Summon Small Mammal      Summ           0%         N/A       28%         1
 Inner Flame              Hex/Fire       4%         N/A       43%         3
 Portal Projectile        Hex/Tloc       8%         N/A       43%         3
 Cause Fear               Hex            3%         N/A       67%         4


Dungeon Overview and Level Annotations

Branches:
Dungeon (2/15)

Altars:

Annotations:
D:2 Jessica, Natasha


Innate Abilities, Weirdness & Mutations

You are immune to sickness and miasma.
Your stone body is resilient. (AC +3)
You are immune to poison.
You resist negative energy. (rN+)
You are resistant to electric shocks. (rElec)
You are resistant to unholy torment.
You are immune to petrification.


Message History

You are too injured to fight recklessly!
You are too injured to fight recklessly!
You are too injured to fight recklessly!
You are too injured to fight recklessly!
You are too injured to fight recklessly!
You are too injured to fight recklessly!
You are too injured to fight recklessly!
You are too injured to fight recklessly!
You are too injured to fight recklessly!
You are too injured to fight recklessly!
You are too injured to fight recklessly!
You are too injured to fight recklessly!
You are too injured to fight recklessly!
You are too injured to fight recklessly!
You are too injured to fight recklessly!
You are too injured to fight recklessly!
You are too injured to fight recklessly!
You are too injured to fight recklessly!
You are too injured to fight recklessly!
You are too injured to fight recklessly!
You are too injured to fight recklessly!
You are too injured to fight recklessly!
You are too injured to fight recklessly!
You are too injured to fight recklessly!
You are too injured to fight recklessly!
Unknown command.
Natasha attacks as you move away! Natasha claws you.
Natasha casts a spell at you.
You feel yourself slow down.
The crimson imp blinks!
You are too injured to fight recklessly!
Natasha casts a spell.
The air fills with toxic fumes!
As you read the scroll of poison, it crumbles to dust.
The iron imp misses you. The iron imp attacks as you move away!
The iron imp hits you.
* * * LOW HITPOINT WARNING * * *
The crimson imp blinks! x2
The white imp summons a swarm of flies.
The iron imp hits you!
You die...

......§§§#
#.....§§☼#
#....§h§# #§#
#5#
#############.##
#.....§☼§§§§§§§#
#.###########5##
#...........#@#
###########.§§##
##.§§§# ...#
#..##§# ...
#.######..# #.#
#...# #.# #...#
#.#####..######
#......)....#.##


You could see an iron imp (summoned), Natasha and a white imp (summoned).

Vanquished Creatures
  A worm (D:1)
  A dart slug (D:1)
  3 ball pythons
  A bat (D:2)
  4 endoplasms
  3 hobgoblins
  A jackal (D:1)
  5 kobolds
  3 goblins
  A rat (D:2)
23 creatures vanquished.

Notes
Turn   | Place    | Note
-------+----------+-------------------------------------------
     0 | D:1      | greasedhog the Gargoyle Hexslinger began the quest for the
                  | Orb.
     0 | D:1      | Reached XP level 1. HP: 12/12 MP: 2/2
   148 | D:1      | Reached XP level 2. HP: 16/16 MP: 3/3
   228 | D:1      | Reached skill level 1 in Stealth
   924 | D:2      | Noticed Jessica
   982 | D:1      | Reached XP level 3. HP: 21/21 MP: 1/4
  1175 | D:2      | Noticed Natasha
  1189 | D:2      | Slain by an iron imp

Illustrated notes

Levels and vault maps discovered:
D:1:      ncdulo_halloftheorcs, layout_basic
D:2:      layout_rooms, eino_curves_04, minmay_strange_pillars, uniq_jessica,
          uniq_natasha, uniq_crazy_yiuf_cottage

Skill      XL: |  1  2 |
---------------+-------+-----
Stealth        | 1 |  1.7
Fighting       | 2 |  2.1
Ranged Weapons | |  2.5
Dodging        | |  1.5
Spellcasting   | |  1.0
Hexes          | |  2.6

Action                   || total
-------------------------++-------
 Fire: Sling             ||    80
 Cast: Slow              ||     4
  Use: Scroll            ||     2
Armor: Robe              ||    17
Dodge: Dodged            ||    42

Table legend: (Time is in decaauts)
 A = Elapsed time spent in this place.
 B = Non-inter-level travel time spent in this place.
 C = Inter-level travel time spent in this place.
 D = Time resting spent in this place.
 E = Time spent auto-exploring this place.
 F = Levels seen in this place.
 G = Mean time per level.
                   A        B        C        D        E       F      G
               +--------+--------+--------+--------+--------+-----+--------+
         Total |   1213 |   1126 |     87 |     36 |    892 |   2 |  606.5 |
       Dungeon |   1213 |   1126 |     87 |     36 |    892 |   2 |  606.5 |
               +--------+--------+--------+--------+--------+-----+--------+

Top non-repeatable levels by time:
     D:1: 1009 daAuts
     D:2: 204 daAuts
